 Dungeon Crawl Stone Soup version 0.25.1-2-g60ff931df9 (webtiles) character file.

Game seed: 5806366647262105212

551 gruber the Shield-Bearer (level 7, 0/61 HPs)
             Began as a Gargoyle Fighter on Nov 29, 2020.
             Was an Initiate of Okawaru.
             Slain by Pikel the acid dragon (7 damage)
             ... on level 4 of the Dungeon.
             The game lasted 00:04:18 (4438 turns).

gruber the Shield-Bearer (Gargoyle Fighter)         Turns: 4438, Time: 00:04:18

Health: 0/61       AC:  9    Str: 19    XL:     7   Next: 29%
Magic:  7/7        EV:  7    Int: 11    God:    Okawaru [......]
Gold:   32         SH: 10    Dex:  9    Spells: 6/6 levels left

rFire    . . .     SeeInvis .   a - +0 flail
rCold    . . .     Gourm    .   c - +0 kite shield
rNeg     + . .     Faith    .   b - +0 scale mail
rPois    ∞         Spirit   .   (no helmet)
rElec    +         Reflect  .   (no cloak)
rCorr    .         Harm     .   (no gloves)
MR       .....                  d - +0 pair of boots
Stlth    ..........             j - amulet of magic regeneration
HPRegen  0.20/turn              m - +4 ring of slaying
MPRegen  0.35/turn              (no ring)

@: berserking, corroded, very quick
A: negative energy resistance 1, electricity resistance, unbreathing,
petrification resistance, rot immunity, AC +4
a: Renounce Religion


You were on level 4 of the Dungeon.
You worshipped Okawaru.
Okawaru was noncommittal.
You were not hungry.

You visited 2 branches of the dungeon, and saw 6 of its levels.

You collected 194 gold pieces.
You spent 162 gold pieces at shops.

Inventory:

Hand Weapons
 a - a +0 flail (weapon)
Armour
 b - a +0 scale mail (worn)
 c - a +0 kite shield (worn)
 d - a +0 pair of boots (worn)
Jewellery
 h - an uncursed amulet of guardian spirit {unknown}
 j - an amulet of magic regeneration (around neck)
 m - a +4 ring of slaying (left hand)
Wands
 s - a wand of polymorph (3)
Scrolls
 e - 4 scrolls of teleportation
 g - 2 scrolls of enchant weapon {unknown}
 l - a scroll of fog {unknown}
 n - 2 scrolls of immolation {unknown}
 q - 4 scrolls of magic mapping {unknown}
 r - a scroll of remove curse {unknown}
 u - 3 scrolls of blinking
Potions
 i - a potion of magic
 p - 3 potions of flight
 t - a potion of cancellation
 v - a potion of berserk rage
Comestibles
 f - 7 rations
 k - a chunk of flesh


   Skills:
 - Level 3.2 Fighting
 - Level 5.1 Maces & Flails
 + Level 5.3 Armour
 + Level 5.8 Shields


You had 6 spell levels left.
You didn't know any spells.
Your spell library was empty.

Dungeon Overview and Level Annotations

Branches:
Dungeon (5/15)             Temple (1/1) D:5

Altars:
Cheibriados
Elyvilon
Gozag
Kikubaaqudgha
Nemelex Xobeh
Okawaru
Qazlal
Ru
Trog
Uskayaw
Vehumet
Yredelemnul

Shops:
D:4 ?

Annotations:
D:4 Pikel


Innate Abilities, Weirdness & Mutations

You are resistant to torment.
Your stone body is resilient. (AC +4)
You are immune to poison.
You resist negative energy. (rN+)
You are resistant to electric shocks. (rElec)
You can survive without breathing.
You are immune to petrification.
You are immune to rotting.


Message History

* * * LOW HITPOINT WARNING * * *
Pikel claws you but does no damage.
Unknown command.
It was a potion of berserk rage.
A red film seems to cover your vision as you go berserk!
You feel yourself moving faster!
You feel mighty! Pikel bites you.
* * * LOW HITPOINT WARNING * * *
You block Pikel's attack.
You barely miss Pikel. Pikel bites you.
* * * LOW HITPOINT WARNING * * *
Pikel claws you but does no damage.
You sock Pikel!
Pikel is moderately wounded.
You hit Pikel.
Pikel is severely wounded.
You block Pikel's attack. Pikel barely misses you.
You sock Pikel!
Pikel is almost dead.
Pikel bites you!
You die...

# #....≈#.#######) #
###.....#.# #. #
#...._....# #) ##
#.#.....### #. .#
#.#☼...)# #. ##
###########.###.### #.
# #.........#p÷.)...#
#. #.#######.#D#######
#. #### #.#
#.#@########## #. ...#
#.# #............# #.
##.#
#.#########.########.#
#. #.# #.#.........#
#.# ##. ##.#
#.#...####### #.# ##..
...###..###.#
#.####.#. ........#
#o# #........
.######.###.#####
#.####.#.
.......(........# #.#
##..


You could see Pikel the acid dragon and a slave.

Vanquished Creatures
  3 slaves (D:4)
  2 scorpions
  An orc priest (D:4)
  2 hounds
  An iguana (D:4)
  4 orc wizards
  A worker ant (D:4)
  11 adders
  An adder skeleton (D:4)
  2 dart slugs
  2 worms (D:3)
  3 leopard geckos
  8 orcs
  2 ball pythons (D:3)
  9 bats
  3 giant cockroaches
  12 goblins
  7 hobgoblins
  6 jackals
  4 kobolds
  4 quokkas
  7 frilled lizards
  A giant cockroach zombie (D:5)
  8 rats
104 creatures vanquished.

Vanquished Creatures (others)
  3 orcs (D:4)
3 creatures vanquished.

Grand Total: 107 creatures vanquished

Notes
Turn   | Place    | Note
-------+----------+-------------------------------------------
     0 | D:1      | gruber the Gargoyle Fighter began the quest for the Orb.
     0 | D:1      | Reached XP level 1. HP: 14/14 MP: 1/1
   131 | D:1      | Reached XP level 2. HP: 19/19 MP: 2/2
   235 | D:1      | You fall into a shaft and drop 1 floor!
   265 | D:1      | Reached XP level 3. HP: 9/23 MP: 3/3
  1086 | D:2      | Found a bloodstained altar of Trog.
  1090 | D:2      | Found a snail-covered altar of Cheibriados.
  1091 | D:2      | Found an ancient bone altar of Kikubaaqudgha.
  1253 | D:2      | Reached XP level 4. HP: 28/28 MP: 4/4
  2081 | D:3      | Found a white marble altar of Elyvilon.
  2165 | D:3      | Found a sparkling altar of Nemelex Xobeh.
  2223 | D:3      | Reached skill level 5 in Maces & Flails
  2223 | D:3      | Reached XP level 5. HP: 30/32 MP: 5/5
  2562 | D:5      | Entered Level 5 of the Dungeon
  2579 | D:5      | Reached XP level 6. HP: 6/37 MP: 6/6
  2919 | D:4      | Found Faoskiz's Magic Scroll Shop.
  2964 | D:4      | Bought a scroll of identify for 26 gold pieces
  2964 | D:4      | Bought a scroll of blinking for 97 gold pieces
  2964 | D:4      | Bought a scroll of teleportation for 39 gold pieces
  3016 | D:4      | Found a stormy altar of Qazlal.
  3180 | D:4      | Reached skill level 5 in Shields
  3507 | D:4      | Reached XP level 7. HP: 38/41 MP: 7/7
  3671 | D:5      | Found a staircase to the Ecumenical Temple.
  3699 | Temple   | Entered the Ecumenical Temple
  3742 | Temple   | Became a worshipper of Warmaster Okawaru
  3797 | D:5      | Reached skill level 5 in Armour
  3811 | D:5      | Noticed Pikel
  3829 | D:4      | HP: 2/41 [slave[Pikel] (4)]
  4433 | D:4      | Noticed Pikel
  4433 | D:4      | Pikel changed into Pikel the acid dragon
  4438 | D:4      | Slain by Pikel the acid dragon

Illustrated notes

Levels and vault maps discovered:
D:1:      dpeg_arrival_renting, layout_rooms
D:2:      layout_loops_corners, minitemple, minmay_split_cup_small
D:3:      layout_loops_ring, nemelex_xobeh_ov_fountains_minmay,
          elyvilon_altar_5, minmay_pentangle
D:4:      layout_loops_ring, first_ration, serial_shops, shop,
          grunt_qazlal_clouds
D:5:      layout_cave_pools, overflow_temple_1_default,
          minmay_temple_entry_large_hall, kennysheep_generic_room_4, uniq_pikel
Temple:   oiseaux_autumnal_temple

Skill      XL: |  1  2  3  4  5  6  7 |
---------------+----------------------+-----
Maces & Flails | 3 4 5 |  5.1
Armour         | 4 5 |  5.3
Shields        | 4 5 |  5.8
Fighting       | |  3.2

Action                   |  1- 3 |  4- 6 |  7- 9 || total
-------------------------+-------+-------+-------++-------
Melee: Flail             |   111 |   183 |    75 ||   369
Evoke: Wand              |       |       |     1 ||     1
  Use: Potion            |       |     1 |     2 ||     3
       Scroll            |       |     4 |       ||     4
  Eat: Chunk             |     1 |     8 |     3 ||    12
Armor: Scale mail        |    76 |   108 |    30 ||   214
Dodge: Dodged            |    36 |    54 |    21 ||   111
Block: Kite shield       |    77 |   105 |    42 ||   224
